 Dungeon Crawl Stone Soup version 0.30-a0-166-g5d06c95188 (webtiles) character file.

Game seed: 9048107019249371642

81 qw the Chopper (level 4, 0/28 HPs)
             Began as a Gargoyle Fighter on Sept 28, 2022.
             Constricted to death by Ijyb (5 damage)
             ... on level 3 of the Dungeon.
             The game lasted 00:00:42 (2207 turns).

qw the Chopper (Gargoyle Fighter)                   Turns: 2207, Time: 00:00:43

Health: 0/28       AC: 12    Str: 19 (21) XL:     4   Next: 42%
Magic:  4/4        EV:  6    Int:  7 (9)  God:
Gold:   102        SH:  4    Dex:  6 (9)  Spells: 3/3 levels left

rFire   . . .      SeeInvis .    Y - +1 war axe
rCold   . . .      Faith    .    c - +0 buckler
rNeg    + . .      Spirit   .    b - +0 scale mail
rPois   inf        Reflect  .    (no helmet)
rElec   +          Harm     .    e - +0 cloak
rCorr   .          Rampage  .    a - +0 pair of gloves
Will    .....                    (no boots)
Stlth   ..........               (no amulet)
HPRegen 0.09/turn                (no ring)
MPRegen 0.09/turn                (no ring)

@: grasped by roots, constricted
A: sickness immunity, AC +3, negative energy resistance 1, electricity
resistance, torment resistance 1, petrification resistance
a: no special abilities


You were on level 3 of the Dungeon.
You visited 1 branch of the dungeon, and saw 3 of its levels.

You collected 102 gold pieces.


Innate Abilities, Weirdness & Mutations

You are immune to sickness and miasma.
Your stone body is resilient. (AC +3)
You are immune to poison.
You resist negative energy. (rN+)
You are resistant to electric shocks. (rElec)
You are resistant to unholy torment.
You are immune to petrification.


   Skills:
 - Level 3.2 Fighting
 + Level 4.1 Axes
 - Level 3.2 Armour
 - Level 3.2 Shields


You had 3 spell levels left.
You didn't know any spells.
Your spell library was empty.

Inventory:

Hand Weapons
 f - a +0 whip
 Y - a +1 war axe (weapon)
Armour
 a - a +0 pair of gloves (worn)
 b - a +0 scale mail (worn)
 c - a +0 buckler (worn)
 e - a +0 cloak (worn)
Scrolls
 g - a scroll of fear {unknown}
Potions
 d - a potion of might
 i - a potion of ambrosia {unknown}

Dungeon Overview and Level Annotations

Branches:
Dungeon (3/15)

Altars:
Ashenzari

Annotations:
D:3 Ijyb


Message History

You kill the goblin!
Ijyb drinks a potion.
Ijyb seems to speed up.
Ijyb zaps a wand.
The roots erupt in riotous growth!
The grasping roots grab you! The grasping roots constrict you.
You hear a shout!
Items here: %% ( )).
You escape the roots grasp.
Ijyb zaps a wand.
The roots erupt in riotous growth!
The grasping roots grab you!
Ijyb is unaffected.
The grasping roots constrict you. You block Ijyb's attack.
The grasping roots constrict you.
You hear a shout! x2
You barely miss Ijyb. Ijyb hits you with a +0 falchion.
The grasping roots constrict you. Ijyb hits you but does no damage.
The grasping roots constrict you.
You slash Ijyb!
Ijyb is moderately wounded.
You block Ijyb's attack. The grasping roots constrict you.
You block Ijyb's attack. The grasping roots constrict you.
The grasping roots release their grip on you.
You closely miss Ijyb.
Ijyb is moderately wounded.
Ijyb completely misses you. Ijyb barely misses you.
You hit Ijyb but do no damage.
Ijyb is moderately wounded.
Ijyb zaps a wand.
The roots erupt in riotous growth!
The grasping roots grab you!
Ijyb is unaffected.
The grasping roots constrict you. Ijyb hits you but does no damage.
The grasping roots constrict you.
You hear a shout!
You hit Ijyb but do no damage.
Ijyb is moderately wounded.
Ijyb hits you but does no damage. The grasping roots constrict you.
Ijyb hits you but does no damage. The grasping roots constrict you.
You slash Ijyb!
Ijyb is severely wounded.
Ijyb hits you but does no damage. The grasping roots constrict you.
Ijyb barely misses you. The grasping roots constrict you.
You die...

##. #..### ..
##...# ...
###.# #...
####.#########
##
#...).........
#.............
#.............
#....)........
#...@#######..
#..g.# .
#....# #....#
#..... ######


You could see Ijyb (fast).

Vanquished Creatures
  3 adders
  2 dart slugs (D:1)
  2 ball pythons
  A bat (D:1)
  4 endoplasms (D:2)
  3 giant cockroaches (D:1)
  8 goblins
  2 hobgoblins
  3 jackals (D:1)
  6 kobolds
  3 quokkas
  3 frilled lizards (D:1)
  5 rats
45 creatures vanquished.

Vanquished Creatures (others)
  6 plants (D:1)
6 creatures vanquished.

Grand Total: 51 creatures vanquished

Notes
Turn   | Place    | Note
-------+----------+-------------------------------------------
     0 | D:1      | qw the Gargoyle Fighter began the quest for the Orb.
     0 | D:1      | Reached XP level 1. HP: 14/14 MP: 1/1
     0 | D:1      | 0 ||| qw: Version: 0.2-a-12-gaebbb33
     0 | D:1      | 0 ||| qw: Game counter: 997
     0 | D:1      | 0 ||| qw: Always use a shield: true
     0 | D:1      | 0 ||| qw: God list: Okawaru
     0 | D:1      | 0 ||| qw: Allow faded altars: false
     0 | D:1      | 0 ||| qw: Do Orc after D:15 true
     0 | D:1      | 0 ||| qw: Do second Lair branch before Depths: true
     0 | D:1      | 0 ||| qw: Lair rune preference: random
     0 | D:1      | 0 ||| qw: Plans: Normal, Zot:1-4, God:TSO, Crypt, Tomb,
                  | Pan, Slime:5, Hells, Abyss, Orb
     0 | D:1      | 0 ||| PLANNING D:1-11
    25 | D:1      | Reached skill level 2 in Axes
   105 | D:1      | Reached XP level 2. HP: 16/19 MP: 2/2
   142 | D:1      | 142 ||| DROPPING +0 club.
   244 | D:1      | 244 ||| Stepping ~*~*~tactically~*~*~ (stealth).
   266 | D:1      | Reached skill level 3 in Axes
   344 | D:1      | Reached XP level 3. HP: 23/23 MP: 3/3
   565 | D:1      | 565 ||| Stepping ~*~*~tactically~*~*~ (stealth).
   577 | D:1      | 577 ||| Stepping ~*~*~tactically~*~*~ (stealth).
   848 | D:1      | 848 ||| UPGRADING to +0 cloak.
   853 | D:1      | 853 ||| READING scroll labelled CILUHU EFEBROL.
   854 | D:1      | 854 ||| READING scroll labelled BAOPUV REQ.
   955 | D:1      | 955 ||| DRINKING 3 golden potions.
   956 | D:1      | 956 ||| DROPPING 2 potions of degeneration.
   984 | D:2      | 984 ||| STAIRDANCE
  1042 | D:2      | Found a broken altar of Ashenzari.
  1765 | D:2      | 1765 ||| Stepping ~*~*~tactically~*~*~ (stealth).
  1875 | D:2      | Reached XP level 4. HP: 28/28 MP: 4/4
  2073 | D:2      | 2073 ||| UPGRADING to +0 pair of gloves.
  2078 | D:2      | 2078 ||| DROPPING orb of energy.
  2079 | D:2      | 2079 ||| READING scroll labelled TAEMUR TIUNET.
  2172 | D:3      | Reached skill level 4 in Axes
  2178 | D:3      | 2178 ||| Stepping ~*~*~tactically~*~*~ (stealth).
  2179 | D:3      | 2179 ||| Stepping ~*~*~tactically~*~*~ (stealth).
  2195 | D:3      | Noticed Ijyb
  2196 | D:3      | 2196 ||| Stepping ~*~*~tactically~*~*~ (hiding).
  2197 | D:3      | 2197 ||| Stepping ~*~*~tactically~*~*~ (hiding).
  2207 | D:3      | HP: 5/28 [constriction (3)]
  2207 | D:3      | Constricted to death by Ijyb

Levels and vault maps discovered:
D:1:      roderic_crop_circles_arrival_small, layout_basic, minmay_tromino_i4
D:2:      layout_basic, basic_altar, nicolae_concentric_dashed_squares_mild
D:3:      kennysheep_the_goblin_king, layout_basic,
          mainiacjoe_overflow_two_lobes, lemuel_doored_altar,
          shapermc_ecumenical_altar_hornbeckon

Skill      XL: |  1  2  3  4 |
---------------+-------------+-----
Axes           | 2 3 4 |  4.1
Fighting       | |  3.2
Armour         | |  3.2
Shields        | |  3.2

Action                   |  1- 3 |  4- 6 || total
-------------------------+-------+-------++-------
Melee: War axe           |    88 |    32 ||   120
Throw: Boomerang         |     6 |       ||     6
  Use: Scroll            |     2 |     1 ||     3
       Potion            |     1 |       ||     1
Armor: Scale mail        |    35 |    22 ||    57
Dodge: Dodged            |    32 |    15 ||    47
Block: Buckler           |    10 |     8 ||    18

Table legend:
 A = Non-vault XP
 B = Vault XP
 C = Vault XP percentage of total XP
 D = Non-vault monster count
 E = Vault monster count
 F = Vault count percentage of total count
                 A         B        C        D         E       F
            +---------+---------+-------+---------+---------+-------
      Total |     105 |      12 |  10.3 |      39 |       6 |  13.3
            +---------+---------+-------+---------+---------+-------
        D:1 |      40 |       8 |  16.7 |      22 |       4 |  15.4
        D:2 |      36 |       0 |   0.0 |      14 |       0 |   0.0
        D:3 |      29 |       4 |  12.1 |       3 |       2 |  40.0
            +---------+---------+-------+---------+---------+-------
